BSA
SAN FRANCISCO BANDITS @ PORTLAND CARDS
07/06/2029
 
TOP OF THE 1ST
San Francisco Bandits batting - Pitching for Portland Cards : LHP Allan Bader
Pitching: LHP Allan Bader
Batting: RHB Javier Ramírez 0-0: Ball
1-0: Ball
2-0: Called Strike
2-1: Foul Ball, location: 2F
2-2: Ball
3-2: Foul Ball, location: 2F
3-2: Ground out U3 (Groundball, 34)
Batting: LHB Mario García 0-0: Called Strike
0-1: Ground out 4-3 (Groundball, 4)
Batting: RHB Owen Carter 0-0: Ball
1-0: Ball
2-0: SINGLE (Groundball, 6MD)
Batting: RHB Scott Merritt 0-0: Ball
1-0: Ball
2-0: Called Strike
2-1: Ground out 4-3 (Groundball, 4)
Top of the 1st over - 0 runs, 1 hit, 0 errors, 1 left on base; San Francisco 0 - Portland 0
BOTTOM OF THE 1ST
Portland Cards batting - Pitching for San Francisco Bandits : RHP Francisco Arellano
Pitching: RHP Francisco Arellano
Batting: LHB Joel Nelson 0-0: Called Strike
0-1: Swinging Strike
0-2: Foul Ball, location: 2F
0-2: Ball
1-2: Ball
2-2: Ball
3-2: Fly out, F7 (Line Drive, 7)
Batting: RHB Aaron Scott 0-0: Called Strike
0-1: Ball
1-1: Ball
2-1: Called Strike
2-2: Ball
3-2: Foul Ball, location: 2F
3-2: Strikes out looking
Batting: LHB Jeff Daniels 0-0: Ball
1-0: SINGLE (Flyball, 9S)
Batting: LHB Paul Mullins 0-0: Single, Error in OF, E8, batter to second base
Jeff Daniels to third
Batting: RHB Eugene Gill 0-0: Fly out, F8 (Flyball, 8RXD)
Bottom of the 1st over - 0 runs, 2 hits, 1 error, 2 left on base; San Francisco 0 - Portland 0
TOP OF THE 2ND
San Francisco Bandits batting - Pitching for Portland Cards : LHP Allan Bader
Batting: LHB Chris Austin 0-0: Ball
1-0: Called Strike
1-1: Called Strike
1-2: Ball
2-2: Strikes out swinging
Batting: RHB Jaime Spiridon 0-0: Ball
1-0: Foul Ball, location: 2F
1-1: Foul Ball, location: 2F
1-2: Fly out, F3 (Popup, 23F)
Batting: LHB Alan McGilroy 0-0: Fly out, F4 (Popup, 13)
Top of the 2nd over - 0 runs, 0 hits, 0 errors, 0 left on base; San Francisco 0 - Portland 0
BOTTOM OF THE 2ND
Portland Cards batting - Pitching for San Francisco Bandits : RHP Francisco Arellano
Batting: LHB Bill Smith 0-0: Swinging Strike
0-1: Ball
1-1: Called Strike
1-2: Ball
2-2: Foul Ball, location: 2F
2-2: Fly out, F9 (Flyball, 9D)
Batting: RHB Mario Méndez 0-0: Ball
1-0: Ball
2-0: Ball
3-0: Called Strike
3-1: Foul Ball, location: 2F
3-2: Ground out 5-3 (Groundball, 56S)
Batting: RHB Peter Hensley 0-0: Fly out, F8 (Flyball, 78D)
Bottom of the 2nd over - 0 runs, 0 hits, 0 errors, 0 left on base; San Francisco 0 - Portland 0
TOP OF THE 3RD
San Francisco Bandits batting - Pitching for Portland Cards : LHP Allan Bader
Batting: LHB Anacleto Morillo 0-0: Ball
1-0: Ground out U3 (Groundball, 3)
Batting: RHB Glenn Melican 0-0: Ball
1-0: Ball
2-0: Foul Ball, location: 2F
2-1: Reached on error, E4 (Groundball, 4)
Batting: RHB Javier Ramírez 0-0: Fly out, F8 (Flyball, 89XD)
Runner from 1st tags up, SAFE at 2nd
Batting: LHB Mario García 0-0: Called Strike
0-1: Swinging Strike
0-2: Ball
1-2: DOUBLE (Line Drive, 78XD)
Glenn Melican scores
Batting: RHB Owen Carter 0-0: Ball
1-0: Called Strike
1-1: Foul Ball, location: 2F
1-2: Ground out 6-3 (Groundball, 6)
Top of the 3rd over - 1 run, 1 hit, 1 error, 1 left on base; San Francisco 1 - Portland 0
BOTTOM OF THE 3RD
Portland Cards batting - Pitching for San Francisco Bandits : RHP Francisco Arellano
Batting: RHB Gabriel Miranda 0-0: SINGLE (Groundball, 6S) (infield hit)
Batting: LHB Joel Nelson 0-0: Ball
1-0: Ball
2-0: Called Strike
2-1: Ball
3-1: Foul Ball, location: 2F
3-2: 2-RUN HOME RUN (Flyball, 9LD), Distance : 325 ft
Batting: RHB Aaron Scott 0-0: Ball
1-0: Ball
2-0: Ball
3-0: Base on Balls
Batting: LHB Jeff Daniels 0-0: Swinging Strike
0-1: Called Strike
0-2: Ball
1-2: SINGLE (Line Drive, 8RS)
Aaron Scott to second
Batting: LHB Paul Mullins 0-0: Called Strike
0-1: Ball
1-1: DOUBLE (Line Drive, 89S)
Aaron Scott scores
Jeff Daniels to third
Batting: RHB Eugene Gill 0-0: Ball
1-0: Swinging Strike
1-1: Foul Ball, location: 2F
1-2: Strikes out swinging
Batting: LHB Bill Smith 0-0: SINGLE (Groundball, 4D)
Jeff Daniels scores
Paul Mullins to third
Batting: RHB Mario Méndez 0-0: Fly out, F6 (Popup, 56)
Batting: RHB Peter Hensley 0-0: Ball
1-0: Ground out 4-3 (Groundball, 4S)
Bottom of the 3rd over - 4 runs, 5 hits, 0 errors, 2 left on base; San Francisco 1 - Portland 4
TOP OF THE 4TH
San Francisco Bandits batting - Pitching for Portland Cards : LHP Allan Bader
Batting: RHB Scott Merritt 0-0: Called Strike
0-1: Ball
1-1: Ground out 6-3 (Groundball, 6)
Batting: LHB Chris Austin 0-0: Ground out 4-3 (Groundball, 4)
Batting: RHB Jaime Spiridon 0-0: Called Strike
0-1: Swinging Strike
0-2: Foul Ball, location: 2F
0-2: Strikes out swinging
Top of the 4th over - 0 runs, 0 hits, 0 errors, 0 left on base; San Francisco 1 - Portland 4
BOTTOM OF THE 4TH
Portland Cards batting - Pitching for San Francisco Bandits : RHP Francisco Arellano
Batting: RHB Gabriel Miranda 0-0: Ball
1-0: Called Strike
1-1: Ground out 5-3 (Groundball, 56)
Batting: LHB Joel Nelson 0-0: Ball
1-0: SINGLE (Groundball, 15S) (infield hit)
Batting: RHB Aaron Scott 0-0: Ball
1-0: Ball
2-0: Called Strike
2-1: Foul Ball, location: 2F
2-2: Fly out, F9 (Flyball, 89M)
Batting: LHB Jeff Daniels 0-0: Called Strike
Joel Nelson steals 2nd base
0-1: Swinging Strike
0-2: 2-RUN HOME RUN (Flyball, 7D), Distance : 366 ft
Batting: LHB Paul Mullins 0-0: Swinging Strike
0-1: Ball
1-1: Ball
2-1: SINGLE (Flyball, 3D)
Batting: RHB Eugene Gill 0-0: Ball
1-0: Called Strike
1-1: Called Strike
1-2: Foul Ball, location: 2F
1-2: Ball
2-2: Foul Ball, location: 2F
2-2: Foul Ball, location: 2F
2-2: Ball
3-2: Base on Balls
Paul Mullins to second
Batting: LHB Bill Smith 0-0: Ball
1-0: Ball
2-0: Called Strike
2-1: Foul Ball, location: 2F
2-2: Foul Ball, location: 2F
2-2: Ball
3-2: Base on Balls
Paul Mullins to third
Eugene Gill to second
Pitching: RHP Bill Long
Batting: RHB Mario Méndez 0-0: SINGLE (Groundball, 6D)
Paul Mullins scores
Eugene Gill to third
Bill Smith to second
Runner from 3rd tries for Home, SAFE, no throw
Batting: RHB Peter Hensley 0-0: Called Strike
0-1: Swinging Strike
0-2: Ball
1-2: Ball
2-2: Strikes out looking
Bottom of the 4th over - 4 runs, 4 hits, 0 errors, 2 left on base; San Francisco 1 - Portland 8
TOP OF THE 5TH
San Francisco Bandits batting - Pitching for Portland Cards : LHP Allan Bader
Batting: LHB Alan McGilroy 0-0: Ball
1-0: Ball
2-0: Called Strike
2-1: Ground out 4-3 (Groundball, 4S)
Batting: LHB Anacleto Morillo 0-0: Ball
1-0: Swinging Strike
1-1: Called Strike
1-2: Strikes out swinging
Batting: RHB Glenn Melican 0-0: Ball
1-0: Called Strike
1-1: Ball
2-1: Foul Ball, location: 2F
2-2: Ball
3-2: Ground out 5-3 (Groundball, 5)
Top of the 5th over - 0 runs, 0 hits, 0 errors, 0 left on base; San Francisco 1 - Portland 8
BOTTOM OF THE 5TH
Portland Cards batting - Pitching for San Francisco Bandits : RHP Bill Long
Batting: RHB Gabriel Miranda 0-0: Called Strike
0-1: Foul Ball, location: 2F
0-2: Ball
1-2: Ball
2-2: Foul Ball, location: 2F
2-2: SINGLE (Groundball, 6S) (infield hit)
Batting: LHB Joel Nelson 0-0: Called Strike
0-1: Ball
1-1: Ball
Gabriel Miranda is caught stealing 2nd base
2-1: Ball
3-1: Swinging Strike
3-2: Foul Ball, location: 2F
3-2: Fly out, F7 (Flyball, 7S)
Batting: RHB Aaron Scott 0-0: Ball
1-0: Ball
2-0: Ball
3-0: Called Strike
3-1: Called Strike
3-2: Foul Ball, location: 2F
3-2: Ground out 5-3 (Groundball, 56)
Bottom of the 5th over - 0 runs, 1 hit, 0 errors, 0 left on base; San Francisco 1 - Portland 8
TOP OF THE 6TH
San Francisco Bandits batting - Pitching for Portland Cards : LHP Allan Bader
Batting: RHB Javier Ramírez 0-0: Ball
1-0: Foul Ball, location: 2F
1-1: Foul Ball, location: 2F
1-2: Ground out 6-3 (Groundball, 6)
Batting: LHB Mario García 0-0: Ball
1-0: Ball
2-0: Ground out 4-3 (Groundball, 34D)
Batting: RHB Owen Carter 0-0: Ground out 6-3 (Groundball, 56)
Top of the 6th over - 0 runs, 0 hits, 0 errors, 0 left on base; San Francisco 1 - Portland 8
BOTTOM OF THE 6TH
Portland Cards batting - Pitching for San Francisco Bandits : RHP Bill Long
Batting: LHB Jeff Daniels 0-0: Called Strike
0-1: Ball
1-1: Ball
2-1: Ground out 4-3 (Groundball, 34D)
Batting: LHB Paul Mullins 0-0: Called Strike
0-1: Ball
1-1: Ball
2-1: Ball
3-1: Called Strike
3-2: Base on Balls
Batting: RHB Eugene Gill 0-0: Ball
1-0: Swinging Strike
1-1: Swinging Strike
1-2: Strikes out swinging
Batting: LHB Bill Smith 0-0: Ball
1-0: Called Strike
1-1: Fly out, F9 (Flyball, 89S)
Bottom of the 6th over - 0 runs, 0 hits, 0 errors, 1 left on base; San Francisco 1 - Portland 8
TOP OF THE 7TH
San Francisco Bandits batting - Pitching for Portland Cards : LHP Allan Bader
Batting: RHB Scott Merritt 0-0: Called Strike
0-1: Ball
1-1: Foul Ball, location: 2F
1-2: Ball
2-2: Foul Ball, location: 2F
2-2: TRIPLE (Line Drive, 7D)
Batting: LHB Chris Austin 0-0: Called Strike
0-1: Swinging Strike
0-2: Ball
1-2: Foul Ball, location: 2F
1-2: Strikes out swinging
Batting: RHB Jaime Spiridon 0-0: Ground out 1-3 (Groundball, P)
Batting: LHB Alan McGilroy 0-0: Swinging Strike
0-1: Ground out 6-3 (Groundball, 6)
Top of the 7th over - 0 runs, 1 hit, 0 errors, 1 left on base; San Francisco 1 - Portland 8
BOTTOM OF THE 7TH
Portland Cards batting - Pitching for San Francisco Bandits : RHP Bill Long
Batting: RHB Mario Méndez 0-0: Called Strike
0-1: Ball
1-1: Ground out 6-3 (Groundball, 6)
Batting: RHB Peter Hensley 0-0: Ball
1-0: Foul Ball, location: 2F
1-1: Ball
2-1: Ball
3-1: Base on Balls
Batting: RHB Gabriel Miranda 0-0: Ball
1-0: Grounds into double play, 6-4-3 (Groundball, 6)
Bottom of the 7th over - 0 runs, 0 hits, 0 errors, 0 left on base; San Francisco 1 - Portland 8
TOP OF THE 8TH
San Francisco Bandits batting - Pitching for Portland Cards : LHP Allan Bader
Batting: LHB Anacleto Morillo 0-0: Called Strike
0-1: Reached on error, E4 (Groundball, 4)
Batting: RHB Glenn Melican 0-0: Ball
1-0: Called Strike
1-1: Called Strike
1-2: Ball
2-2: Ball
3-2: Ground out 6-3 (Groundball, 6MD)
Anacleto Morillo to second
Pitching: RHP Ron Biller
Batting: RHB Javier Ramírez 0-0: Called Strike
0-1: Ball
1-1: Foul Ball, location: 2F
1-2: Foul Ball, location: 2F
1-2: Strikes out swinging
Batting: LHB Mario García 0-0: Called Strike
0-1: Ball
1-1: Ball
2-1: Ball
3-1: Foul Ball, location: 2F
3-2: Base on Balls
Batting: RHB Owen Carter 0-0: Ball
1-0: Ball
2-0: Called Strike
2-1: Ball
3-1: Base on Balls
Anacleto Morillo to third
Mario García to second
Batting: RHB Scott Merritt 0-0: Called Strike
0-1: SINGLE (Groundball, 6MD)
Anacleto Morillo scores
Mario García to third
Owen Carter to second
Runner from 3rd tries for Home, SAFE, no throw
Batting: LHB Chris Austin 0-0: Foul Ball, location: 2F
0-1: Ball
1-1: Called Strike
1-2: Ball
2-2: Strikes out swinging
Top of the 8th over - 2 runs, 1 hit, 1 error, 2 left on base; San Francisco 3 - Portland 8
BOTTOM OF THE 8TH
Portland Cards batting - Pitching for San Francisco Bandits : RHP Bill Long
Batting: LHB Joel Nelson 0-0: Ball
1-0: Swinging Strike
1-1: Ball
2-1: Foul Ball, location: 2F
2-2: Foul Ball, location: 2F
2-2: Strikes out swinging
Batting: RHB Aaron Scott 0-0: Foul Ball, location: 2F
0-1: Ball
1-1: Ball
2-1: Swinging Strike
2-2: DOUBLE (Groundball, 5L)
Pitching: RHP Miguel García
Batting: LHB Jeff Daniels 0-0: Called Strike
0-1: Swinging Strike
0-2: Foul Ball, location: 2F
0-2: Foul Ball, location: 2F
0-2: Strikes out swinging
Batting: LHB Paul Mullins 0-0: Swinging Strike
0-1: Ball
1-1: Fly out, F9 (Flyball, 9)
Bottom of the 8th over - 0 runs, 1 hit, 0 errors, 1 left on base; San Francisco 3 - Portland 8
TOP OF THE 9TH
San Francisco Bandits batting - Pitching for Portland Cards : RHP Ron Biller
Batting: RHB Jaime Spiridon 0-0: Ball
1-0: Called Strike
1-1: Ball
2-1: Called Strike
2-2: Ball
3-2: Strikes out looking
Batting: LHB Alan McGilroy 0-0: Ball
1-0: Ball
2-0: Ball
3-0: Base on Balls
Batting: LHB Anacleto Morillo 0-0: Called Strike
0-1: Ball
1-1: Fly out, F7 (Flyball, 78S)
Batting: RHB Glenn Melican 0-0: Ball
1-0: Foul Ball, location: 2F
1-1: Ball
2-1: Fielders Choice at 2nd, 6-4 (Groundball, 6)
Top of the 9th over - 0 runs, 0 hits, 0 errors, 1 left on base; San Francisco 3 - Portland 8
Saturday, December 16th, 2017 - OOTP Baseball 18.8 Build 76